 Dungeon Sprint DCSS version 0.19-b1-4-gd8a0a2a (webtiles) character file.

142 LORDOFBUTT the Summoner (level 5, -4/28 HPs)
             Began as a Deep Elf Summoner on Oct 31, 2016.
             Slain by a yak (16 damage)
             ... in the Dungeon (Sprint I: "Red Sonja").
             The game lasted 00:01:32 (624 turns).

LORDOFBUTT the Summoner (Deep Elf Summoner)          Turns: 624, Time: 00:01:32

Health: -4/28      AC:  2    Str:  5    XL:     5   Next: 4%
Magic:  17/17      EV: 14    Int: 21    God:
Gold:   162        SH:  0    Dex: 15    Spells: 3 memorised, 13 levels left

rFire  . . .     SeeInvis .     (no weapon)
rCold  . . .     Gourm    .     a - +0 robe
rNeg   . . .     Faith    .     (no shield)
rPois  .         Spirit   .     (no helmet)
rElec  .         Reflect  .     (no cloak)
rCorr  .         Harm     .     (no gloves)
MR     .....     NoTele   +     (no boots)
Stlth  +++.......               (no amulet)
                                (no ring)
                                (no ring)

@: no status effects
A: no striking features
a: no special abilities


You were in the Dungeon.
You were not hungry.

You visited 1 branch You collected 162 gold pieces.

Inventory:

Armour
 a - a +0 robe (worn)
Wands
 j - a wand of slowing (32/48)
Scrolls
 i - a scroll of blinking
Potions
 e - a potion of heal wounds
 f - a potion of haste
 g - 2 potions of magic
 h - a potion of berserk rage
Books
 b - a book of Callings

   Spells                             Type                      Level
   a - Summon Small Mammal            Summoning                    1
   b - Call Imp                       Summoning                    2
   c - Call Canine Familiar           Summoning                    3
   d - Summon Guardian Golem          Hexes/Summoning              3
   e - Summon Lightning Spire         Summoning/Air                4
   f - Summon Ice Beast               Ice/Summoning                4
Comestibles
 c - a bread ration


   Skills:
 + Level 3.5 Dodging
 + Level 4.0 Stealth
 + Level 7.9 Spellcasting
 + Level 9.5 Summonings


You had 13 spell levels left.
You knew the following spells:

 Your Spells              Type           Power        Failure   Level  Hunger
a - Summon Small Mammal   Summ           ####         1%          1    None
b - Call Imp              Summ           #####...     1%          2    None
c - Call Canine Familiar  Summ           #####...     1%          3    None


Dungeon Overview and Level Annotations

Branches:
Dungeon (1/1)

Altars:
Cheibriados
Dithmenos
Elyvilon
Fedhas
Hepliaklqana
Kikubaaqudgha
Okawaru
Qazlal
Ru
Sif Muna
Trog
Uskayaw
Vehumet
Yredelemnul
Zin
The Shining One

Shops:
D *


Message History

You see here a spear.
You open the door.
A yak comes into view.
Found Sotiffoh's Assorted Antiques.
Found fourteen altars.
You swap places.
You swap places.
The yak gores your crimson imp.
Your crimson imp hits the yak but does no damage.
The yak gores your crimson imp!
Your crimson imp blinks!
Your shadow imp gestures at the yak.
The yak struggles to resist.
Your shadow imp hits the yak.
Your shadow imp gestures at the yak.
The yak writhes in agony!
The yak gores you!
Ouch! That really hurt!
Your crimson imp blinks!
There is a deep blue altar of Sif Muna here.
The yak gores you!
Ouch! That really hurt!
You die...

################
#<.#..'..#..'..#
#..)..#.)'..#..+
#.)#####'#####'#
#..# #..# #)#
#..#__#### ##)#
#..#_____##+#.@+
#⌠⌠#_.∩§..'.5Y_#
####_.._5##_.#+#
___ ##+# #


You could see a yak, a friendly crimson imp and a friendly shadow imp.

Vanquished Creatures (collateral kills)
  Sigmund (D)
  An ogre (D)
  A jelly (D)
  Ijyb (D)
4 creatures vanquished.

Notes
Turn   | Place    | Note
-------+----------+-------------------------------------------
     0 | D        | LORDOFBUTT the Deep Elf Summoner began the quest for the Orb.
     0 | D        | Reached XP level 1. HP: 10/10 MP: 6/6
     2 | D        | Noticed Ijyb
    14 | D        | Killed Ijyb
    14 | D        | Reached skill level 6 in Summonings
    14 | D        | Reached XP level 2. HP: 2/15 MP: 0/8
   274 | D        | Learned a level 2 spell: Call Imp
   281 | D        | Noticed an ogre
   293 | D        | Killed an ogre
   293 | D        | Reached skill level 5 in Spellcasting
   293 | D        | Reached skill level 7 in Summonings
   293 | D        | Reached XP level 3. HP: 19/19 MP: 3/11
   470 | D        | Noticed Sigmund
   489 | D        | Killed Sigmund
   489 | D        | Reached skill level 9 in Summonings
   489 | D        | Reached XP level 4. HP: 21/24 MP: 3/15
   578 | D        | Learned a level 3 spell: Call Canine Familiar
   599 | D        | Found a deep blue altar of Sif Muna.
   601 | D        | Found a radiant altar of Vehumet.
   610 | D        | Reached XP level 5. HP: 28/28 MP: 17/17
   617 | D        | Found Sotiffoh's Assorted Antiques.
   617 | D        | Found an ancient bone altar of Kikubaaqudgha.
   617 | D        | Found a hazy altar of Hepliaklqana.
   617 | D        | Found a stormy altar of Qazlal.
   617 | D        | Found a hide-covered altar of Uskayaw.
   617 | D        | Found a blossoming altar of Fedhas.
   617 | D        | Found a bloodstained altar of Trog.
   617 | D        | Found an iron altar of Okawaru.
   617 | D        | Found a basalt altar of Yredelemnul.
   617 | D        | Found a glowing golden altar of the Shining One.
   617 | D        | Found a snail-covered altar of Cheibriados.
   617 | D        | Found a sacrificial altar of Ru.
   617 | D        | Found a glowing silver altar of Zin.
   617 | D        | Found a shadowy altar of Dithmenos.
   617 | D        | Found a white marble altar of Elyvilon.
   617 | D        | Noticed a yak
   624 | D        | Slain by a yak

Skill      XL: |  1  2  3  4 |
---------------+-------------+-----
Stealth        | 3 4 |  4.0
Summonings     | 6 7 9 |  9.5
Dodging        | 3 |  3.5
Spellcasting   | 5 7 |  7.9

Action                   |  1- 3 |  4- 6 || total
-------------------------+-------+-------++-------
 Cast: Summon Small Mamm |     6 |       ||     6
       Call Imp          |     8 |       ||     8
  Use: Potion            |     1 |       ||     1
Dodge: Dodged            |     4 |       ||     4
